 Dungeon Crawl Stone Soup version 0.19.0-19-g8c6edcc (console) character file.

30 2d6 the Ducker (level 3, -1/17 HPs)
             Began as a Felid Monk on Nov 13, 2016.
             Killed from afar by Sigmund (11 damage)
             ... with a puff of flame
             ... on level 2 of the Dungeon.
             The game lasted 00:06:01 (1361 turns).

2d6 the Ducker (Felid Monk)                         Turns: 1361, Time: 00:06:02

Health: -1/17      AC:  1    Str: 11    XL:     3   Next: 5%
Magic:  4/4        EV: 20    Int: 11    God:
Gold:   83         SH:  0    Dex: 18    Spells: 0 memorised, 2 levels left
                                        Lives:  0   Deaths: 1

rFire  . . .     SeeInvis +       - Unarmed
rCold  . . .     Gourm    .     (armour unavailable)
rNeg   . . .     Faith    .     (shield unavailable)
rPois  .         Spirit   .     (helmet unavailable)
rElec  .         Reflect  .     (cloak unavailable)
rCorr  .         Harm     .     (gloves unavailable)
MR     .....                    (boots unavailable)
Stlth  +++.......               (no amulet)
                                (no ring)
                                e - +3 ring of strength

@: quick
A: no armour, no weapons or thrown items, stealth, claws 1, fangs 3, see
invisible, carnivore 3, speed 1, shaggy fur 1, slow metabolism 1, sharp paws
a: no special abilities


You were on level 2 of the Dungeon.
You were not hungry.

You visited 1 branch of the dungeon, and saw 2 of its levels.

You collected 83 gold pieces.

Inventory:

Jewellery
 e - a +3 ring of strength (left paw)
Scrolls
 d - 3 scrolls of identify {unknown}
 f - a scroll of fog {unknown}
Potions
 c - a potion of degeneration {unknown}
 g - a potion of curing {unknown}
Comestibles
 a - a meat ration


   Skills:
 + Level 3.3 Fighting
 + Level 4.7 Dodging
 + Level 4.2 Stealth
 + Level 3.6 Unarmed Combat


You had 2 spell levels left.
You didn't know any spells.

Dungeon Overview and Level Annotations

Branches:
Dungeon (2/15)

Altars:

Annotations:
D:2 Sigmund


Innate Abilities, Weirdness & Mutations

You cannot wear armour.
You are incapable of wielding weapons or throwing items.
Your paws allow you to move quietly. (Stealth)
You have sharp claws.
You have razor-sharp teeth.
You have supernaturally acute eyesight. (SInv)
You are carnivorous and can eat meat at any time.
You cover ground quickly.
You are covered in fur. (AC +1)
You have a slow metabolism.
Your sharp claws are effective at attacking unaware monsters.


Message History

Sigmund is heavily wounded.
Sigmund misses you. The goblin hits you with a club.
The quokka barely misses you.
You completely miss Sigmund.
Sigmund is heavily wounded.
The goblin hits you with a club. The quokka misses you. Sigmund misses you.
You claw Sigmund!
Sigmund is almost dead.
The quokka completely misses you. The goblin closely misses you.
You scratch Sigmund but do no damage.
Sigmund is almost dead.
The quokka completely misses you. Sigmund closely misses you.
The goblin hits you with a club.
You scratch Sigmund but do no damage. You bite Sigmund, but do no damage.
Sigmund is almost dead.
The quokka misses you. The goblin misses you.
Sigmund gestures at you while chanting. The puff of flame hits you!
Ouch! That really hurt!
You die...

############
#.....##(..#
#.....##...#
######....r##...###
#...†.....@@'.....#
######....g##...#.##
## #.....######..# .(
#....!# ##.## #.
#.....#######..### #.
##........##.....#. #.
#........##.....#.# #.
#........##.....#.###.
#.......<##.....#.....


You could see Sigmund, a quokka and a goblin.

Vanquished Creatures
  Robin (D:2)
  An adder (D:2)
  A dart slug (D:1)
  2 leopard geckos (D:1)
  A ball python (D:2)
  4 giant cockroaches
  10 goblins
  6 hobgoblins
  4 kobolds
  5 bats (D:1)
  A frilled lizard (D:1)
  8 rats
44 creatures vanquished.

Notes
Turn   | Place    | Note
-------+----------+-------------------------------------------
     0 | D:1      | 2d6 the Felid Monk began the quest for the Orb.
     0 | D:1      | Reached XP level 1. HP: 10/10 MP: 2/2
   148 | D:1      | Reached XP level 2. HP: 14/14 MP: 3/3
   672 | D:1      | Reached XP level 3. HP: 14/17 MP: 4/4
   899 | D:2      | Noticed Robin
   956 | D:2      | Killed Robin
  1293 | D:2      | Noticed Sigmund
  1329 | D:2      | Reached XP level 4. HP: 7/21 MP: 5/5
  1332 | D:2      | Mangled by Sigmund
  1333 | D:2      | Reached XP level 3. HP: -9/17 MP: 4/4
  1361 | D:2      | Killed from afar by Sigmund

Skill      XL: |  1  2  3 |
---------------+----------+-----
Stealth        | 3 4 |  4.2
Fighting       | |  3.3
Dodging        | |  4.7
Unarmed Combat | |  3.6

Action                   |  1- 3 |  4- 6 || total
-------------------------+-------+-------++-------
Melee: Unarmed           |   128 |     3 ||   131
       Punch             |     1 |       ||     1
       Bite              |     8 |       ||     8
  Use: Potion            |     1 |       ||     1
 Stab: Sleeping          |    10 |       ||    10
       Distracted        |     2 |       ||     2
  Eat: Chunk             |     8 |       ||     8
Armor: Skin              |     4 |       ||     4
Dodge: Dodged            |   129 |     1 ||   130
